 Dungeon Crawl Stone Soup version 0.30-a0-578-gdee14c521f (webtiles) character file.

Game seed: 5313275224624214898

344 cforsyth the Trooper (level 6, -2/57 HPs)
             Began as a Ghoul Monk on Dec 31, 2022.
             Killed by divine providence
             ... invoked by an orc priest
              (8 damage)
             ... on level 4 of the Dungeon.
             The game lasted 00:04:27 (2736 turns).

cforsyth the Trooper (Ghoul Monk)                   Turns: 2736, Time: 00:04:28

Health: -2/57      AC:  9    Str: 23    XL:     6   Next: 58%
Magic:  5/5        EV:  8    Int:  5    God:
Gold:   214        SH:  0    Dex: 11    Spells: 5/5 levels left

rFire   . . .      SeeInvis .      - Unarmed
rCold   + . .      Faith    .    (no shield)
rNeg    + + +      Spirit   .    n - +0 chain mail
rPois   ∞          Reflect  .    j - +0 helmet
rElec   .          Harm     .    (no cloak)
rCorr   .          Rampage  .    (no gloves)
Will    .....                    (no boots) Stlth
                                 (no amulet)
HPRegen 0.00/turn                l - +6 ring of strength
MPRegen 0.09/turn                (no ring)

@: inhibited regen, hasted, very quick
A: claws 1, cold resistance 1, negative energy resistance 3, inhibited
regeneration, torment resistance 2, devour on kill
a: no special abilities


You were on level 4 of the Dungeon.
You visited 1 branch of the dungeon, and saw 4 of its levels.

You collected 214 gold pieces.

Inventory:

Armour
 a - a +0 robe
 c - a +0 ring mail
 j - a +0 helmet (worn)
 n - a +0 chain mail (worn)
Jewellery
 l - a +6 ring of strength (left claw)
Wands
 m - a wand of flame (19)
Scrolls
 e - 2 scrolls of identify {unknown}
 f - 2 scrolls of poison {unknown}
 g - a scroll of torment {unknown}
 p - a scroll of summoning {unknown}
 s - a scroll of amnesia {unknown}
 t - a scroll of enchant armour {unknown}
Potions
 b - 3 potions of ambrosia
 d - 2 potions of attraction {unknown}
 k - a potion of curing
 o - a potion of resistance {unknown}
 q - a potion of might {unknown}
 r - a potion of brilliance {unknown}


   Skills:
 + Level 5.8 Fighting
 + Level 1.3 Armour
 - Level 2.6 Dodging
 - Level 2.1 Stealth
 + Level 5.8 Unarmed Combat


You had 5 spell levels left.
You didn't know any spells.
Your spell library contained the following spells:

 Spells                   Type           Power      Damage    Failure   Level
 Ozocubu's Armour         Ice            0%         N/A       100%        3
 Alistair's Intoxication  Tmut/Pois      0%         N/A       100%        5
 Borgnjor's Vile Clutch   Necr/Erth      0%         N/A       100%        5
 Eringya's Noxious Bog    Tmut/Pois      0%         N/A       100%        6
 Ozocubu's Refrigeration  Ice            0%         4d7       100%        7
 Summon Hydra             Summ           0%         N/A       100%        7
 Sublimation of Blood     Necr           Unusable   N/A       N/A         2
 Wereblood                Tmut           Unusable   N/A       N/A         2

Dungeon Overview and Level Annotations

Branches:
Dungeon (4/15)
 Temple: D:4-7

Altars:
Ashenzari
Nemelex Xobeh
Vehumet

Shops:
D:1 !

Annotations:
D:2 Sigmund


Innate Abilities, Weirdness & Mutations

You are immune to poison.
You have sharp fingernails.
Your flesh is cold resistant. (rC+)
You are immune to negative energy. (rN+++)
You do not regenerate when monsters are visible.
You are immune to unholy pain and torment.
You thrive by killing the living.


Message History

You are too injured to fight recklessly!
The black bear attacks as you move away!
The black bear bites you. The black bear closely misses you.
The black bear claws you.
An orc priest comes into view. It is wielding a +0 club.
The orc priest attacks as you move away!
The orc priest barely misses you.
The gnoll hits you from afar with a +0 spear!
* * * LOW HITPOINT WARNING * * *
Unknown command.
A hobgoblin comes into view.
The gnoll hits you from afar with a +0 spear.
* * * LOW HITPOINT WARNING * * *
Unknown command.
The black bear attacks as you move away!
The black bear completely misses you. The black bear claws you.
* * * LOW HITPOINT WARNING * * *
The black bear claws you but does no damage.
The hobgoblin shouts!
You hear an angry hiss.
The orc priest invokes the aid of Beogh against you.
Beogh smites you!
* * * LOW HITPOINT WARNING * * *
You feel much better.
The orc priest calls down the wrath of Beogh upon you.
Beogh smites you!
* * * LOW HITPOINT WARNING * * *
The gnoll hits you but does no damage. The black bear bites you.
* * * LOW HITPOINT WARNING * * *
The black bear claws you.
* * * LOW HITPOINT WARNING * * *
The black bear claws you but does no damage.
You feel yourself speed up. The black bear bites you.
* * * LOW HITPOINT WARNING * * *
The black bear claws you but does no damage.
The black bear claws you.
* * * LOW HITPOINT WARNING * * *
The gnoll hits you but does no damage.
The orc priest calls down the wrath of Beogh upon you.
Beogh smites you!
You die...

### ..# ####.#
....# ..>#..#
#..#.@######
#..##....h.#
#..#.....#.#
#..#..g..#.#
#........#h#
##o.#..)..#g##.#
......)).......#
#.#..###.##o####
#.(.. #.o..#


You could see a black bear, an orc priest, a gnoll and a hobgoblin.

Vanquished Creatures
  A necrophage (D:4)
  2 orc priests (D:3)
  Ijyb (D:3)
  Natasha (D:2)
  Robin (D:2)
  3 adders
  A worm (D:3)
  3 dart slugs (D:1)
  9 orcs
  8 endoplasms
  7 giant cockroaches
  15 goblins
  12 hobgoblins
  17 jackals
  2 quokkas
  6 ball pythons
  4 bats
  3 frilled lizards
  9 kobolds
  3 rats
108 creatures vanquished.

Notes
Turn   | Place    | Note
-------+----------+-------------------------------------------
     0 | D:1      | cforsyth the Ghoul Monk began the quest for the Orb.
     0 | D:1      | Reached XP level 1. HP: 19/19 MP: 0/0
   105 | D:1      | Reached XP level 2. HP: 26/26 MP: 1/1
   275 | D:1      | Reached XP level 3. HP: 13/33 MP: 2/2
   367 | D:1      | Found Tiwebe's Distillery.
   952 | D:2      | Reached XP level 4. HP: 41/41 MP: 3/3
   970 | D:2      | Noticed Sigmund
  1138 | D:2      | Noticed Natasha
  1144 | D:2      | Killed Natasha
  1178 | D:2      | Reached XP level 5. HP: 40/47 MP: 4/4
  1260 | D:2      | Found a broken altar of Ashenzari.
  1309 | D:3      | Noticed Ijyb
  1317 | D:3      | Killed Ijyb
  1318 | D:3      | Reached skill level 5 in Fighting
  1318 | D:3      | Reached skill level 5 in Unarmed Combat
  1515 | D:3      | Noticed Robin
  1547 | D:2      | Reached XP level 6. HP: 39/56 MP: 5/5
  1877 | D:2      | Killed Robin
  2353 | D:4      | Found a sparkling altar of Nemelex Xobeh.
  2361 | D:4      | Noticed an orc warrior
  2524 | D:4      | Reached skill level 1 in Armour
  2666 | D:4      | Found a radiant altar of Vehumet.
  2708 | D:4      | Noticed a black bear
  2723 | D:4      | HP: 2/57 [orc priest/divine providence (10)]
  2736 | D:4      | Killed from afar by an orc priest

Illustrated notes

Levels and vault maps discovered:
D:1:      lightli_arrival_statue_moat, layout_loops_cross, serial_shops,
          nicolae_diamond_shop, minmay_small_reverse_x
D:2:      layout_basic, basic_altar, minmay_misc_feat_more_columns,
          uniq_crazy_yiuf_cottage, uniq_natasha, uniq_sigmund
D:3:      layout_rooms, grunt_decor_resistance, uniq_ijyb, uniq_robin
D:4:      layout_basic, nicolae_overflow_hidden_temple, minmay_quantized

Skill      XL: |  1  2  3  4  5  6 |
---------------+-------------------+-----
Fighting       | 4 5 |  5.8
Unarmed Combat | 4 5 |  5.8
Armour         | 1 |  1.3
Dodging        | |  2.6
Stealth        | |  2.1

Action                   |  1- 3 |  4- 6 || total
-------------------------+-------+-------++-------
Melee: Unarmed           |   134 |   208 ||   342
       Punch             |     6 |     8 ||    14
  Use: Potion            |       |     5 ||     5
 Stab: Sleeping          |     3 |       ||     3
Armor: Robe              |     3 |       ||     3
       Ring mail         |    38 |    40 ||    78
       Chain mail        |       |   102 ||   102
Dodge: Dodged            |    94 |   124 ||   218

Table legend: (Time is in decaauts)
 A = Elapsed time spent in this place.
 B = Non-inter-level travel time spent in this place.
 C = Inter-level travel time spent in this place.
 D = Time resting spent in this place.
 E = Time spent auto-exploring this place.
 F = Levels seen in this place.
 G = Mean time per level.
                   A        B        C        D        E       F      G
               +--------+--------+--------+--------+--------+-----+--------+
         Total |   2690 |   2641 |     49 |    381 |   1486 |   4 |  672.5 |
       Dungeon |   2690 |   2641 |     49 |    381 |   1486 |   4 |  672.5 |
               +--------+--------+--------+--------+--------+-----+--------+

Top non-repeatable levels by time:
     D:2: 847 daAuts
     D:3: 824 daAuts
     D:1: 764 daAuts
     D:4: 253 daAuts
